 Dungeon Crawl Stone Soup version 0.28.0-45-g0d030f2227 (webtiles) character file.

Game seed: 16285146045337530839

67 Revguard the Insei (level 4, -1/28 HPs)
             Began as an Octopode Transmuter on Apr 12, 2022.
             Succumbed to an adder's poison
             ... on level 2 of the Dungeon.
             The game lasted 00:04:25 (1942 turns).

Revguard the Insei (Octopode Transmuter)            Turns: 1942, Time: 00:04:26

Health: -1/28      AC:  1    Str:  9    XL:     4   Next: 16%
Magic:  6/8        EV: 13    Int: 15    God:
Gold:   25         SH:  5    Dex: 14    Spells: 2/8 levels left

rFire   . . .      SeeInvis +     - Unarmed
rCold   . . .      Faith    .   (no shield)
rNeg    . . .      Spirit   .   (helmet restricted)
rPois   .          Reflect  +   a - amulet of reflection
rElec   .          Harm     .   b - ring of see invisible
rCorr   .          Rampage  .   (no ring)
Will    .....                   (no ring)
Stlth   +++.......              (no ring)
HPRegen 0.09/turn               (no ring)
MPRegen 0.11/turn               (no ring)
                                (no ring)
                                (no ring)

@: lethally poisoned (-1 -> -7)
A: almost no armour, amphibious, 8 rings, camouflage 1, gelatinous body 1,
(nimble swimmer 1), tentacles
a: no special abilities


You were on level 2 of the Dungeon.
You visited 1 branch of the dungeon, and saw 2 of its levels.

You collected 25 gold pieces.

Inventory:

Jewellery
 a - an amulet of reflection (around mantle)
 b - a ring of see invisible (left tentacle)


   Skills:
 + Level 1.4 Fighting
 + Level 2.4 Dodging
 + Level 1.5 Stealth
 + Level 3.2 Unarmed Combat
 * Level 2.6 Spellcasting
 + Level 2.4 Transmutations
 + Level 1.1 Poison Magic


You had 2 spell levels left.
You knew the following spells:

 Your Spells              Type           Power      Damage    Failure   Level
a - Beastly Appendage     Tmut           18%        N/A       8%          1
b - Wereblood             Tmut           9%         N/A       12%         2
c - Spider Form           Tmut/Pois      7%         N/A       30%         3

Your spell library contained the following spells:

 Spells                   Type           Power      Damage    Failure   Level
 Ice Form                 Ice/Tmut       5%         N/A       77%         4
 Blade Hands              Tmut           4%         N/A       91%         5
 Iron Shot                Conj/Erth      1%         9d1       100%        6
 Animate Armour           Summ/Erth      Unusable   N/A       N/A         4

Dungeon Overview and Level Annotations

Branches:
Dungeon (2/15)

Altars:


Innate Abilities, Weirdness & Mutations

You cannot wear most types of armour.
You are amphibious.
You can wear up to eight rings at the same time.
Your skin changes colour to match your surroundings (Stealth+).
Your rubbery body absorbs attacks. (AC +1, EV +1)
((You are camouflaged when in or above water. (Stealth+)))
You have tentacles for arms and can constrict up to eight enemies at once.


Message History

The gnoll is almost dead.
You kill the gnoll!
Your Poison Magic skill increases to level 1!
You hit the gnoll.
The gnoll is poisoned.
The gnoll is lightly wounded.
The gnoll hits you with a +0 flail!
You hit the gnoll.
The gnoll looks as sick as possible!
The gnoll is moderately wounded.
The gnoll hits you with a +0 flail.
You hit the gnoll.
The gnoll looks as sick as possible!
The gnoll is severely wounded.
You kill the gnoll!
You have reached level 4!
You hit the adder but do no damage. The adder completely misses you.
You block the gnoll's attack. The adder misses you.
You barely miss the adder. The gnoll closely misses you.
The adder completely misses you.
You hit the adder.
The adder is moderately wounded.
You block the gnoll's attack. The adder closely misses you.
You barely miss the adder.
The adder is moderately wounded.
Your transformation has ended.
The adder bites you. The gnoll closely misses you.
You barely miss the adder. Your grab misses the adder.
The adder is lightly wounded.
The adder bites you but does no damage.
The gnoll hits you from afar with a +0 spear!
* * * LOW HITPOINT WARNING * * *
The adder bites you but does no damage. The adder bites you.
* * * LOW HITPOINT WARNING * * *
You see here a +0 short sword.
The adder bites you.
* * * LOW HITPOINT WARNING * * *
You are lethally poisoned!
The adder poisons you!
You aren't carrying any potions.
You aren't carrying any scrolls.
You die...

..........g.....#
###<.........####.###
........... ##.#
#........ #..#
#.####### #g## #.#
#g# ..# #S# #.#
#.####### #.#
##@#.....# #.#
#......... #.........
##..........
#...........#
##.#.........#
#..#.........#
#.#.........##
##[#..........#


You could see 2 gnolls and an adder.

Vanquished Creatures
  2 gnolls (D:2)
  An adder (D:2)
  2 dart slugs (D:1)
  2 ball pythons (D:1)
  2 giant cockroaches (D:1)
  4 goblins
  2 hobgoblins (D:1)
  4 kobolds
  3 quokkas (D:1)
  7 bats
  3 frilled lizards
  2 rats
34 creatures vanquished.

Notes
Turn   | Place    | Note
-------+----------+-------------------------------------------
     0 | D:1      | Revguard the Octopode Transmuter began the quest for the
                  | Orb.
     0 | D:1      | Reached XP level 1. HP: 13/13 MP: 3/3
   216 | D:1      | Reached XP level 2. HP: 14/18 MP: 5/5
   219 | D:1      | Learned a level 2 spell: Wereblood
   645 | D:1      | Reached skill level 1 in Stealth
   815 | D:1      | Reached XP level 3. HP: 23/23 MP: 4/6
   819 | D:1      | Learned a level 3 spell: Spider Form
  1926 | D:2      | Reached skill level 1 in Poison Magic
  1929 | D:2      | Reached XP level 4. HP: 15/28 MP: 4/8
  1941 | D:2      | HP: 1/28 [adder (2)]
  1942 | D:2      | Succumbed to an adder's poison

Illustrated notes

Levels and vault maps discovered:
D:1:      dpeg_arrival_tiny_f, layout_basic, minivault_11, roderic_lattice_a
D:2:      layout_rooms, serial_shops, nicolae_diamond_shop,
          chequers_mini_garden, uniq_natasha

Skill      XL: |  1  2  3 |
---------------+----------+-----
Stealth        | 1 |  1.5
Poison Magic   | 1 |  1.1
Fighting       | |  1.4
Dodging        | |  2.4
Unarmed Combat | |  3.2
Spellcasting   | |  2.6
Transmutations | |  2.4

Action                   |  1- 3 |  4- 6 || total
-------------------------+-------+-------++-------
Melee: Unarmed           |    72 |     5 ||    77
       Tentacles         |    15 |       ||    15
       Kick              |    15 |       ||    15
       Constrict         |    22 |       ||    22
       Punch             |     1 |       ||     1
 Cast: Beastly Appendage |    13 |       ||    13
       Wereblood         |     2 |       ||     2
       Spider Form       |     1 |       ||     1
  Use: Scroll            |     2 |       ||     2
       Potion            |     1 |       ||     1
 Stab: Sleeping          |    13 |       ||    13
Armor: Skin              |    11 |     2 ||    13
Dodge: Dodged            |    45 |     6 ||    51
Block: Other             |     6 |     2 ||     8
